 Dungeon Crawl Stone Soup version 0.23.2-1-ga50397a (webtiles) character file.

Game seed: 4954998492632381644

74 myga the Slasher (level 4, -1/29 HPs)
             Began as a Tengu Berserker on May 18, 2019.
             Was a Believer of Trog.
             Slain by an iguana (12 damage)
             ... on level 2 of the Dungeon.
             The game lasted 00:06:26 (1312 turns).

myga the Slasher (Tengu Berserker)                  Turns: 1312, Time: 00:06:27

Health: -1/29      AC:  0    Str: 18    XL:     4   Next: 30%
Magic:  5/5        EV: 12    Int:  7    God:    Trog [**....]
Gold:   39         SH:  0    Dex: 14    Spells: 3/3 levels left

rFire    . . .     SeeInvis .   a - +0 falchion
rCold    . . .     Gourm    .   (no shield)
rNeg     . . .     Faith    .   g - +0 leather armour
rPois    .         Spirit   .   (helmet restricted)
rElec    .         Reflect  .   (no cloak)
rCorr    .         Harm     .   (no gloves)
MR       .....                  (boots unavailable)
Stlth    +.........             (no amulet)
HPRegen  0.09/turn              b - -3 ring of protection (curse)
MPRegen  0.09/turn              (no ring)

@: no status effects
A: beak, talons 3
a: Berserk, Trog's Hand, Renounce Religion


You were on level 2 of the Dungeon.
You worshipped Trog.
Trog was pleased with you.
You were not hungry.

You visited 1 branch of the dungeon, and saw 2 of its levels.

You collected 39 gold pieces.

Inventory:

Hand Weapons
 a - a +0 falchion (weapon)
Missiles
 d - 87 stones (quivered)
Armour
 g - a +0 leather armour (worn)
Jewellery
 b - a cursed -3 ring of protection (left hand)
Scrolls
 h - a scroll of enchant armour {unknown}
 j - a scroll of teleportation {unknown}
Potions
 e - a potion of might
 i - a potion of brilliance {unknown}
 k - 3 potions of curing {unknown}
 l - 2 potions of mutation {unknown}
 m - a potion of degeneration {unknown}
Comestibles
 c - 7 rations
 f - 7 chunks of flesh


   Skills:
 + Level 3.8 Fighting
 + Level 4.5 Long Blades
 + Level 2.3 Armour
 + Level 2.5 Dodging


You had 3 spell levels left.
You didn't know any spells.
Your spell library was empty.

Dungeon Overview and Level Annotations

Branches:
Dungeon (2/15)

Altars:


Innate Abilities, Weirdness & Mutations

You have a beak for a mouth.
You have claws for feet.


Message History

The worm completely misses you.
You riposte.
You hit the worm.
The worm is heavily wounded.
You hit the worm but do no damage. You claw the worm.
The worm is severely wounded.
You barely miss the worm. You claw the worm.
You kill the worm!
Trog accepts your kill.
Search for what [Enter for "long", or ? for help]? armour Unknown command.
The helpless iguana fails to defend itself.
You hit the iguana. You peck the iguana, but do no damage.
The iguana is moderately wounded.
The iguana bites you.
You barely miss the iguana. Your kick misses the iguana.
The iguana is moderately wounded.
The iguana bites you!
You hit the iguana. You claw the iguana. You peck the iguana, but do no damage.
The iguana is severely wounded.
The iguana bites you!
You die...

............##.#
##.#.##.##.#
####.#....##.#
#.......#.##.#
#.......#.##.#
..####..#.........#
..........##.#.####
..###..#......#
#@.####.###
#l......# ##......#
########


You could see an iguana.

Vanquished Creatures
  An adder (D:2)
  An ooze (D:1)
  2 worms (D:2)
  A dart slug (D:1)
  2 ball pythons (D:1)
  5 giant cockroaches
  8 goblins
  3 hobgoblins
  4 jackals (D:1)
  9 bats
  3 frilled lizards
  5 kobolds
  10 rats
54 creatures vanquished.

Notes
Turn   | Place    | Note
-------+----------+-------------------------------------------
     0 | D:1      | myga the Tengu Berserker began the quest for the Orb.
     0 | D:1      | Reached XP level 1. HP: 14/14 MP: 2/2
   116 | D:1      | Reached XP level 2. HP: 15/19 MP: 3/3
   498 | D:1      | Reached ** piety under Trog
   535 | D:1      | Reached XP level 3. HP: 20/23 MP: 4/4
   561 | D:1      | Reached skill level 4 in Long Blades
  1007 | D:2      | Reached XP level 4. HP: 28/29 MP: 5/5
  1312 | D:2      | Slain by an iguana

Skill      XL: |  1  2  3 |
---------------+----------+-----
Long Blades    | 4 |  4.5
Fighting       | |  3.8
Armour         | |  2.3
Dodging        | |  2.5

Action                   |  1- 3 |  4- 6 || total
-------------------------+-------+-------++-------
Melee: Falchion          |    75 |    22 ||    97
       Kick              |    18 |     6 ||    24
       Peck              |    10 |     6 ||    16
Throw: Stone             |    22 |    14 ||    36
  Use: Potion            |     1 |       ||     1
 Stab: Sleeping          |       |     1 ||     1
  Eat: Chunk             |       |     1 ||     1
Armor: Leather armour    |    10 |       ||    10
Dodge: Dodged            |    37 |    14 ||    51
       Rpst.: Falchion   |    13 |     7 ||    20
